 Dungeon Crawl Stone Soup version 0.29.0-11-gd7f09526c8 (webtiles) character file.

Game seed: 10712976122509198501

1038 gelatine the Shooter (level 8, -3/58 HPs)
             Began as a Demonspawn Arcane Marksman on Sept 6, 2022.
             Was a Believer of Ru.
             Slain by a gnoll
             ... wielding a +0 halberd
             ... led by a gnoll bouda
              (10 damage)
             ... on level 6 of the Dungeon on Sept 7, 2022.
             The game lasted 00:26:09 (7416 turns).

gelatine the Shooter (Demonspawn Arcane Marksman)   Turns: 7416, Time: 00:26:10

Health: -3/58      AC: 14    Str: 16    XL:     8   Next: 4%
Magic:  11/11      EV: 10    Int: 19    God:    Ru [**....]
Gold:   198        SH:  0    Dex: 21    Spells: 7/11 levels left

rFire   + + .      SeeInvis .   a - +1 sling
rCold   x . .      Faith    .   (no shield)
rNeg    + . .      Spirit   .   w - +4 fire dragon scales "Hero's Friend" {Contam Fly rElec rF++ rC- Dex+4}
rPois   .          Reflect  .   (no helmet)
rElec   +          Harm     .   (no cloak)
rCorr   .          Rampage  .   (no gloves)
Will    .....                   (no boots)
Stlth   ..........              q - amulet of the Butterfly {Acrobat Fly Int+5}
HPRegen 0.19/turn               y - ring of positive energy
MPRegen 0.12/turn               B - +6 ring of strength

@: flying
A: hooves 2, thin metallic scales 1, (demonic guardian 2), foul stench 1, no
stealth, hated by all
a: Renounce Religion


You were on level 6 of the Dungeon.
You worshipped Ru.
Ru was pleased with you.
You visited 1 branch of the dungeon, and saw 6 of its levels.

You collected 198 gold pieces.

Inventory:

Hand Weapons
 a - a +1 sling (weapon)
 h - a +1 short sword of electrocution
 u - a +1 short sword of venom
Missiles
 i - 2 boomerangs
 D - 5 javelins
Armour
 c - a +0 robe
 k - the +4 ring mail of Duty {rPois rCorr Stlth+}
   (You found it on level 6 of the Dungeon)

   rPois:     It protects you from poison.
   rCorr:     It protects you from acid and corrosion.
   Stlth:     It makes you more stealthy.
 w - the +4 fire dragon scales "Hero's Friend" (worn) {Contam Fly rElec rF++ rC- Dex+4}
   (You found it on level 3 of the Dungeon)

   Dex:       It affects your dexterity (+4).
   rF:        It greatly protects you from fire.
   rC:        It makes you vulnerable to cold.
   rElec:     It insulates you from electricity.
   Fly:       It grants you flight.
   Contam:    It causes magical contamination when unequipped.
 C - a +0 leather armour
Magical Staves
 e - a staff of air
Jewellery
 o - an amulet of faith
 p - an amulet of magic regeneration
 q - the amulet of the Butterfly (around neck) {Acrobat Fly Int+5}
   (You found it on level 2 of the Dungeon)

   [amulet of the acrobat]

   It increases your evasion while moving and waiting.
   Int:       It affects your intelligence (+5).
   Fly:       It grants you flight.
 x - an amulet of regeneration
 y - a ring of positive energy (left hand)
 B - a +6 ring of strength (right hand)
 E - a ring of ice
Scrolls
 b - 3 scrolls of poison
 d - 2 scrolls of noise
 j - 2 scrolls of vulnerability
 n - a scroll of identify
 t - a scroll of brand weapon {unknown}
 v - a scroll of silence {unknown}
 F - 2 scrolls of fog {unknown}
 G - 2 scrolls of immolation {unknown}
 H - a scroll of enchant weapon {unknown}
Potions
 f - 2 potions of resistance
 l - a potion of heal wounds {unknown}
 m - a potion of lignification {unknown}
 r - 2 potions of magic {unknown}
 s - a potion of mutation {unknown}
 z - a potion of flight {unknown}
 A - a potion of haste {unknown}
 I - a potion of berserk rage {unknown}


   Skills:
 * Level 3.5 Fighting
 * Level 6.1 Ranged Weapons
 * Level 1.1 Armour
 * Level 3.1 Dodging
 * Level 2.4 Spellcasting
 * Level 4.0 Hexes
 * Level 2.0 Translocations


You had 7 spell levels left.
You knew the following spells:

 Your Spells              Type           Power      Damage    Failure   Level
a - Slow                  Hex            68%        N/A       16%         1
b - Portal Projectile     Hex/Tloc       26%        N/A       56%         3

Your spell library contained the following spells:

 Spells                   Type           Power      Damage    Failure   Level
 Magic Dart               Conj           8%         1d3       63%         1
 Sandblast                Erth           4%         2d4       63%         1
 Inner Flame              Hex/Fire       10%        N/A       71%         3
 Passwall                 Tmut/Erth      1%         N/A       77%         2
 Searing Ray              Conj           4%         2d4       77%         2
 Cause Fear               Hex            8%         N/A       83%         4
 Stone Arrow              Conj/Erth      4%         3d7       94%         3
 Fulminant Prism          Conj/Hex       5%         3d7       98%         4
 Blade Hands              Tmut           1%         N/A       100%        5
 Lehudib's Crystal Spear  Conj/Erth      1%         10d2      100%        8
 Tukima's Dance           Hex            Unusable   N/A       N/A         3
 Animate Armour           Summ/Erth      Unusable   N/A       N/A         4

Dungeon Overview and Level Annotations

Branches:
Dungeon (6/15)             Temple (0/1) D:5

Altars:
Cheibriados
Qazlal
Ru
Vehumet

Shops:
D:1 [


Innate Abilities, Weirdness & Mutations

You have hoof-like feet.
You are partially covered in thin metallic scales. (AC +2)
((A demonic guardian rushes to your aid.))
You may rarely emit foul miasma when damaged in melee.
You cannot be stealthy.
You are hated by all.


Message History

The sling bullet hits the gnoll but does no damage.
The gnoll misses you. x2; The gnoll barely misses you.
The gnoll hits you from afar with a +0 halberd.
* * * LOW HITPOINT WARNING * * *
You focus your inner power and illuminate the gnoll in retribution!
You feel better. The gnoll barely misses you. x2
The gnoll hits you from afar with a +0 halberd!
* * * LOW HITPOINT WARNING * * *
You feel better. The gnoll barely misses you.
The gnoll hits you from afar with a +0 halberd!
* * * LOW HITPOINT WARNING * * *
You focus your inner power and blind the gnoll in retribution!
The gnoll hits you from afar with a +0 halberd.
* * * LOW HITPOINT WARNING * * *
You feel better. The gnoll completely misses you. The gnoll barely misses you.
The gnoll closely misses you.
Fire: a) +1 sling
Press: ? - help, Q - select action, (/) - cycle Shift-Dir - straight line, f/p - gnoll
Aim: a gnoll, wielding a +0 club (covering ground quickly, 69% to hit)
You shoot a sling bullet. The sling bullet hits the gnoll.
The gnoll is lightly wounded.
The gnoll hits you but does no damage. The gnoll misses you.
The gnoll barely misses you. The gnoll hits you with a +0 club.
* * * LOW HITPOINT WARNING * * *
You focus your inner power and illuminate the gnoll in retribution!
Fire: a) +1 sling
Press: ? - help, Q - select action, (/) - cycle Shift-Dir - straight line, f/p - gnoll
Aim: a gnoll, wielding a +0 club (lightly wounded, covering ground quickly, softly glowing, 84% to hit)
You shoot a sling bullet. The sling bullet hits the gnoll.
The gnoll is moderately wounded.
You hear a shout!
The gnoll stops glowing.
The gnoll closely misses you. x2
The gnoll hits you but does no damage. The gnoll closely misses you.
Fire: a) +1 sling
Press: ? - help, Q - select action, (/) - cycle Shift-Dir - straight line, f/p - gnoll
Aim: a gnoll, wielding a +0 club (moderately wounded, covering ground quickly, softly glowing, 84% to hit)
You shoot a sling bullet. The sling bullet hits the gnoll!
The gnoll is almost dead.
The gnoll hits you from afar with a +0 halberd!
You die...

#.# .:.........# ##.#
............# ##..#
............ ####)..#
...........# ######....#.<
...........# ###.#.....###..
...........#####.........##.#.
..........###)..........##..#.
#..........(g@....##...##....#
#.........g##....#...###.....
##....!######g......###......
#....## ##.......###.......
##... #........###....... ##..
#.......###........ #..#
##..g...####........ #..#
#......## #.........
##?.#####......# #.........


You could see 4 gnolls.

Vanquished Creatures
  Eustachio (D:6)
  2 ice beasts
  A bullfrog (D:5)
  A necrophage (D:5)
  A scorpion (D:5)
  2 jellies
  A hound (D:4)
  3 orc priests
  A gnoll bouda (D:6)
  5 iguanas
  A gnoll (D:6)
  7 adders
  2 worms (D:3)
  3 dart slugs
  14 orcs
  11 ball pythons
  7 bats
  7 endoplasms
  6 giant cockroaches
  11 hobgoblins
  3 jackals (D:3)
  8 kobolds
  5 quokkas
  3 frilled lizards
  9 goblins
  13 rats
128 creatures vanquished.

Notes
Turn   | Place    | Note
-------+----------+-------------------------------------------
     0 | D:1      | gelatine the Demonspawn Arcane Marksman began the quest for
                  | the Orb.
     0 | D:1      | Reached XP level 1. HP: 15/15 MP: 2/2
   182 | D:1      | Reached skill level 2 in Ranged Weapons
   357 | D:1      | Gained mutation: You are partially covered in thin metallic
                  | scales. (AC +2) [demonic ancestry]
   357 | D:1      | Reached XP level 2. HP: 21/21 MP: 0/3
   578 | D:1      | Found a faded altar of an unknown god.
   579 | D:1      | Found Tucecuri's Armour Boutique.
   584 | D:1      | Prayed at the altar of an unknown god.
   584 | D:1      | Became a worshipper of Ru the Awakened
   606 | D:1      | Gained mutation: You are hated by all. [Ru sacrifice]
   606 | D:1      | Reached * piety under Ru
   606 | D:1      | Reached ** piety under Ru
   848 | D:1      | Reached XP level 3. HP: 27/27 MP: 4/4
  1569 | D:2      | Reached skill level 3 in Ranged Weapons
  1569 | D:2      | Gained mutation: You have large cloven feet. [demonic
                  | ancestry]
  1569 | D:2      | Reached XP level 4. HP: 19/33 MP: 5/5
  1876 | D:2      | Identified the amulet of the Butterfly {Acrobat Fly Int+5}
  2098 | D:2      | Learned a level 3 spell: Portal Projectile
  2479 | D:3      | Identified the +4 fire dragon scales "Hero's Friend"
                  | {Contam Fly rElec rF++ rC- Dex+4}
  2564 | D:3      | Found a stormy altar of Qazlal.
  3181 | D:3      | Gained mutation: A weak demonic guardian rushes to your
                  | aid. [demonic ancestry]
  3181 | D:3      | Reached XP level 5. HP: 39/39 MP: 7/7
  3560 | D:4      | Found a radiant altar of Vehumet.
  4228 | D:4      | Reached skill level 4 in Ranged Weapons
  4268 | D:4      | Gained mutation: You cannot be stealthy. [Ru sacrifice]
  4394 | D:4      | Found a snail-covered altar of Cheibriados.
  4480 | D:4      | Noticed an angel
  4511 | D:5      | Entered Level 5 of the Dungeon
  4567 | D:5      | Reached skill level 1 in Translocations
  4567 | D:5      | Gained mutation: You may rarely emit foul miasma when
                  | damaged in melee. [demonic ancestry]
  4567 | D:5      | Reached XP level 6. HP: 33/46 MP: 8/8
  4664 | D:5      | Noticed an ice beast
  5286 | D:5      | HP: 1/46 [iguana (7)]
  5711 | D:5      | Found a staircase to the Ecumenical Temple.
  5869 | D:5      | Killed an ice beast
  5870 | D:5      | Reached skill level 5 in Ranged Weapons
  5870 | D:5      | Gained mutation: You have hoof-like feet. [demonic
                  | ancestry]
  5870 | D:5      | Reached XP level 7. HP: 12/52 MP: 10/10
  6311 | D:6      | Identified the +4 ring mail of Duty {rPois rCorr Stlth+}
  6559 | D:6      | Noticed Eustachio
  6580 | D:6      | HP: 2/52 [white imp[Eustachio] (4)]
  6879 | D:6      | Killed Eustachio
  7019 | D:6      | HP: 1/52 [gnoll/+0 halberd[a gnoll bouda] (3)]
  7399 | D:6      | Reached skill level 6 in Ranged Weapons
  7399 | D:6      | Reached skill level 1 in Armour
  7399 | D:6      | Gained mutation: A demonic guardian rushes to your aid.
                  | [demonic ancestry]
  7399 | D:6      | Reached XP level 8. HP: 33/58 MP: 11/11
  7416 | D:6      | Slain by a gnoll

Illustrated notes

Levels and vault maps discovered:
D:1:      dpeg_arrival_arbitrary_b, layout_basic, serial_shops, shop,
          chequers_ecumenical_altar_simple
D:2:      layout_basic, minmay_bisected
D:3:      minmay_chambers_of_threes, layout_loops_ring,
          mainiacjoe_overflow_alcove_4
D:4:      layout_rooms, grunt_temple_overflow_holy_war,
          mainiacjoe_overflow_boulevard, gammafunk_temple_overflow_statue,
          hex_large
D:5:      layout_basic, minmay_temple_entry_hall, nrook_campfire
D:6:      layout_cave_pods, nicolae_dithmenos_the_darkroom, uniq_edmund,
          uniq_eustachio

Skill      XL: |  1  2  3  4  5  6  7 |
---------------+----------------------+-----
Ranged Weapons | 2 3 4 5 6 |  6.1
Dodging        | 2 3 |  3.1
Fighting       | 2 3 |  3.5
Translocations | 1 2 |  2.0
Spellcasting   | 2 |  2.4
Armour         | 1 |  1.1
Hexes          | 4 |  4.0

Action                   |  1- 3 |  4- 6 |  7- 9 || total
-------------------------+-------+-------+-------++-------
 Fire: Sling             |   171 |   289 |   149 ||   609
 Cast: Slow              |    13 |    23 |     8 ||    44
       Portal Projectile |       |     2 |     3 ||     5
Invok: Sacrifice Love    |     1 |       |       ||     1
       Sacrifice Stealth |       |     1 |       ||     1
  Use: Scroll            |     2 |     7 |       ||     9
       Potion            |       |       |     4 ||     4
Armor: Robe              |    30 |    33 |       ||    63
       Ring mail         |       |       |    94 ||    94
       Fire dragon scale |       |       |    24 ||    24
Dodge: Dodged            |    80 |    99 |   180 ||   359
